 Dungeon Crawl Stone Soup version 0.23.1 (webtiles) character file.

Game seed: 17151903654862472013

34 Kairos the Skirmisher (level 3, 0/30 HPs)
             Began as a Formicid Abyssal Knight on Mar 4, 2019.
             Was a Follower of Lugonu.
             Slain by a gnoll
             ... wielding a +0 spear
              (4 damage)
             ... on level 2 of the Dungeon.
             The game lasted 00:02:38 (1533 turns).

Kairos the Skirmisher (Formicid Abyssal Knight)     Turns: 1533, Time: 00:02:38

Health: 0/30       AC:  6    Str: 13    XL:     3   Next: 50%
Magic:  4/4        EV: 11    Int: 11    God:    Lugonu [*.....]
Gold:   58         SH:  0    Dex: 10    Spells: 2/2 levels left

rFire    . . .     SeeInvis +   f - +2 falchion "Reeddu" {freeze, +Fly rPois rC- Str-4}
rCold    x . .     Gourm    .   (no shield)
rNeg     + . .     Faith    +   b - +0 leather armour
rPois    +         Spirit   .   (helmet unavailable)
rElec    .         Reflect  .   n - scarf {cloud immunity}
rCorr    .         Harm     .   (no gloves)
MR       .....                  (no boots)
Stlth    +.........             m - amulet of faith
HPRegen  0.10/turn              j - ring of positive energy
MPRegen  0.09/turn              r - +3 ring of protection

@: no status effects
A: permanent stasis, dig shafts and tunnels, four strong arms, antennae 3
a: Dig, Shaft Self, Depart the Abyss, Renounce Religion, Evoke Flight


You were on level 2 of the Dungeon.
You worshipped Lugonu.
Lugonu was aware of your devotion.
You were not hungry.

You visited 1 branch of the dungeon, and saw 2 of its levels.
You visited the Abyss 1 time.

You collected 58 gold pieces.

Inventory:

Hand Weapons
 a - a +1 hand axe
 f - the +2 falchion "Reeddu" (weapon) {freeze, +Fly rPois rC- Str-4}
   (You found it on level 2 of the Abyss)

   It has been specially enchanted to freeze those struck by it, causing extra
   injury to most foes and up to half again as much damage against particularly
   susceptible opponents.
   It can also slow down cold-blooded creatures.
   It affects your strength (-4).
   It makes you vulnerable to cold.
   It protects you from poison.
   It lets you fly.
Missiles
 p - 7 poisoned javelins (quivered)
Armour
 b - a +0 leather armour (worn)
 n - a scarf of cloud immunity (worn)
Jewellery
 j - a ring of positive energy (left hand)
 m - an amulet of faith (around neck)
 r - a +3 ring of protection (right hand)
Scrolls
 e - 5 scrolls of identify {unknown}
 g - a scroll of amnesia {unknown}
 h - a scroll of teleportation {unknown}
 i - a scroll of fog {unknown}
 l - 2 scrolls of blinking {unknown}
 o - 2 scrolls of remove curse {unknown}
 q - a scroll of fear {unknown}
Potions
 d - a potion of heal wounds {unknown}
 k - 2 potions of curing {unknown}
Comestibles
 c - 7 rations


   Skills:
 + Level 3.9 Fighting
 + Level 0.6 Long Blades
 + Level 2.2 Axes
 + Level 2.5 Armour
 + Level 1.1 Dodging
 + Level 0.1 Stealth
 + Level 2.5 Invocations


You had 2 spell levels left.
You didn't know any spells.
Your spell library contained the following spells:

 Spells                   Type           Power        Failure   Level  Hunger
 Confusing Touch          Hex            #.....       41%         1    ##.....
 Slow                     Hex            #.......     56%         2    ###....
 Spectral Weapon          Hex/Chrm       #.......     80%         3    ####...
 Tukima's Dance           Hex            #.......     80%         3    ####...
 Summon Lightning Spire   Summ/Air       #.......     99%         4    #####..
 Deflect Missiles         Chrm/Air       #.........   100%        6    #######


Dungeon Overview and Level Annotations

Branches:
Dungeon (2/15)

Altars:
Cheibriados
Sif Muna


Innate Abilities, Weirdness & Mutations

You cannot be hasted, slowed, berserked, paralysed or teleported.
You can dig through walls and to a lower floor.
Your four strong arms can wield two-handed weapons with a shield.
You have a pair of large antennae on your head. (SInv)


Message History

You are too injured to fight recklessly!
You are too injured to fight recklessly!
You are too injured to fight recklessly!
You hit the gnoll. You freeze the gnoll.
You kill the gnoll!
Lugonu accepts your kill.
The gnoll hits you from afar with a cursed -1 spear.
The gnoll misses you.
The gnoll hits you with a cursed -1 spear.
You hit the gnoll. You freeze the gnoll.
The gnoll is moderately wounded.
The gnoll hits you with a cursed -1 spear.
* * * LOW HITPOINT WARNING * * *
The gnoll hits you from afar with a +0 spear.
* * * LOW HITPOINT WARNING * * *
You hit the gnoll. You freeze the gnoll.
The gnoll is heavily wounded.
The gnoll barely misses you.
The gnoll hits you from afar with a +0 spear.
You die...

######.........#...####
#....8....#...'..#
#.........#...####
##._......#...#
#............# #
###...#####.## .# #.##
#.# ..#
#######.#####.....#
#.....@.....'.....#
#.#####g#####.....#
#.#..{{g#....#
#.#.#####[##.#
#.#........#.#
#............#
##############


You could see 2 gnolls.

Vanquished Creatures
  A gnoll (D:2)
  An adder (D:2)
  2 goblins
  3 hobgoblins (D:1)
  2 kobolds (D:1)
  3 bats
  4 frilled lizards
  A rat (D:1)
17 creatures vanquished.

Notes
Turn   | Place    | Note
-------+----------+-------------------------------------------
     0 | Abyss:1  | Kairos the Formicid Abyssal Knight began the quest for the
                  | Orb.
     0 | Abyss:1  | Reached XP level 1. HP: 18/18 MP: 2/2
   132 | Abyss:1  | Noticed a raiju
   152 | Abyss:1  | Noticed a small abomination
   164 | Abyss:2  | Identified the Guide on Captivating Lightness
   202 | Abyss:2  | Noticed an iron imp
   206 | Abyss:2  | Noticed a shadow demon
   218 | Abyss:2  | Got an encrusted falchion
   219 | Abyss:2  | Noticed a red devil
   219 | Abyss:2  | Noticed an orange demon
   234 | Abyss:2  | Identified the +2 falchion "Reeddu" {freeze, +Fly rPois rC-
                  | Str-4} (You found it on level 2 of the Abyss)
   245 | D:1      | Escaped the Abyss
   988 | D:1      | Reached XP level 2. HP: 24/24 MP: 3/3
  1007 | D:1      | Reached skill level 1 in Dodging
  1098 | D:1      | Reached * piety under Lugonu
  1373 | D:2      | Reached XP level 3. HP: 17/30 MP: 4/4
  1467 | D:2      | Found a snail-covered altar of Cheibriados.
  1468 | D:2      | Found a deep blue altar of Sif Muna.
  1504 | D:2      | Noticed a scorpion
  1533 | D:2      | Slain by a gnoll

Skill      XL: |  1  2 |
---------------+-------+-----
Dodging        | 1 |  1.1
Fighting       | |  3.9
Long Blades    | |  0.6
Axes           | |  2.2
Armour         | |  2.5
Stealth        | |  0.1
Invocations    | |  2.5

Action                   || total
-------------------------++-------
Melee: Falchion          ||    41
Invok: Depart the Abyss  ||     1
  Eat: Chunk             ||     2
Armor: Leather armour    ||     7
Dodge: Dodged            ||    33
       Rpst.: Falchion   ||     8
